 Dungeon Sprint DCSS version 0.21.0 (webtiles) character file.

29418 wojtek the Shatterer (level 13, -2/134 HPs)
             Began as a Minotaur Berserker on Jan 7, 2018.
             Was a Priest of Trog.
             Killed from afar by Lom Lobon (7 damage)
             ... with a tornado
             ... in the Dungeon (Sprint I: "Red Sonja").
             The game lasted 00:28:31 (6297 turns).

wojtek the Shatterer (Minotaur Berserker)           Turns: 6297, Time: 00:28:32

Health: -2/134     AC: 15    Str: 38    XL:     13   Next: 15%
Magic:  2/12       EV: 19    Int:  4    God:    Trog [***...]
Gold:   435        SH:  0    Dex: 10    Spells: 12/12 levels left

rFire    + + .     SeeInvis .   o - +4 dire flail of Hubris {holy, Str+3}
rCold    + + +     Gourm    .   (shield currently unavailable)
rNeg     . . .     Faith    .   D - +4 ring mail {rC+}
rPois    .         Spirit   .   s - +1 hat {MR+}
rElec    .         Reflect  .   t - scarf {rC+ rF+}
rCorr    .         Harm     .   u - +0 pair of gloves {Str+3}
MR       ++...     NoTele   +   (no boots)
Stlth    ..........             (no amulet)
HPRegen  0.32/turn              y - ring of protection from fire
MPRegen  0.13/turn              z - ring of Jynoiss {+Fly rC+ MR+}

@: mighty, flying (expiring), very slightly contaminated, hasted and slowed
A: retaliatory headbutt, horns 2
a: Berserk, Trog's Hand, Burn Spellbooks, Renounce Religion


You were in the Dungeon.
You worshipped Trog.
Trog was most pleased with you.
You were not hungry.

You visited 1 branch You collected 5568 gold pieces.
You spent 5133 gold pieces at shops.

Inventory:

Hand Weapons
 a - a +4 antimagic great mace
 o - the +4 dire flail of Hubris (weapon) {holy, Str+3}
   (Trog gifted it to you in the Dungeon)

   It has been blessed by the Shining One to cause great damage to the undead
   and demons.
   It affects your strength (+3).
 p - a +0 antimagic dire flail
 I - a +2 antimagic morningstar
Missiles
 q - 3 throwing nets (quivered)
Armour
 e - the +0 plate armour of the Saviour {rN+ Str+4 Int+4 SInv}
   (You found it in the Dungeon)

   It affects your strength (+4).
   It affects your intelligence (+4).
   It protects you from negative energy.
   It lets you see invisible.
 j - a +2 cloak
 r - a +1 plate armour of fire resistance
 s - a +1 hat of magic resistance (worn)
 t - a scarf of resistance (worn)
 u - a +0 pair of gloves of strength (worn)
 A - a +2 large shield
 D - a +4 ring mail of cold resistance (worn)
Jewellery
 b - an uncursed ring of poison resistance
 c - an uncursed ring of fire
 y - a ring of protection from fire (left hand)
 z - the ring of Jynoiss (right hand) {+Fly rC+ MR+}
   (You acquired it in the Dungeon)

   [ring of protection from magic]

   It protects you from cold.
   It affects your resistance to hostile enchantments.
   It lets you fly.
Scrolls
 l - 4 scrolls of identify
 G - 2 scrolls of immolation {unknown}
 H - 2 scrolls of fog {unknown}
Potions
 f - 3 potions of haste
 g - 2 potions of magic
 h - a potion of berserk rage
 k - 3 potions of agility
 n - 2 potions of degeneration
 x - a potion of brilliance
 C - a potion of ambrosia
 E - 2 potions of flight
Miscellaneous
 m - a lamp of fire
Comestibles
 w - 3 rations


   Skills:
 + Level 18.2 Fighting
 * Level 23.9 Maces & Flails
 + Level 18.0 Armour
 + Level 16.8 Dodging


You had 12 spell levels left.
You didn't know any spells.

Dungeon Overview and Level Annotations

Branches:
Dungeon (1/1)

Altars:
Cheibriados
Dithmenos
Elyvilon
Fedhas
Gozag
Hepliaklqana
Kikubaaqudgha
Makhleb
Nemelex Xobeh
Okawaru
Qazlal
Ru
Sif Muna
Trog
Uskayaw
Vehumet
Wu Jian
Xom
Yredelemnul
Zin
The Shining One
Jiyva
Lugonu

Shops:
D =[**%%:*[*=?([((*![[[}

Annotations:
D Lom Lobon


Innate Abilities, Weirdness & Mutations

You reflexively headbutt those who attack you in melee.
You have a pair of horns on your head.


Message History

Evoke which item? (* to show all) (? for menu, Esc to quit)
Aiming: Phantom Mirror
Press: ? - help, Dir - move target cursor, f - Lom Lobon
Aim: Lom Lobon (raging winds, lightly wounded, surrounded by raging winds)
You reflect Lom Lobon with the mirror, and the mirror shatters!
You float gracefully downwards.
The vortex of raging winds lifts you up.
You fly up into the air.
* * * LOW HITPOINT WARNING * * *
Your ogre dies!
Your ogre's corpse disappears in a puff of smoke!
Your ogre dies!
Your ogre's corpse disappears in a puff of smoke!
* * * LOW HITPOINT WARNING * * *
Lom Lobon gestures.
Lom Lobon hits Lom Lobon!!
Lom Lobon's magic leaks into the air. 2 ball lightnings come into view.
You feel better.
You are engulfed in raging winds.
* * * LOW HITPOINT WARNING * * *
You die...

.^.#...###..###$#.)≈###§##...#...
...'.....##.#A#$#§§§§§#§####§#...
.§.#^....#..###$#§§§§##'#.§.§##..
.§.###++##.##..$#§§§##§^.§§§.§##§
§§###..###..#+###§§§#§^§§§§....#.
§§####..###...#§§&§##.....^....##
#§#..#..#.###)#§§&§#..§.§.......#
#.#.........#.###§§#.§§§.[......#
###.§..§§...#.#.@§§##.§.....^.^##
..'.....§####)#.##§##..........#.
####...###...)#.#≈≈≈##........##.
..[#####...####§#≈≈≈≈##[..(.(##..
[........###.§§§#≈≈≈≈≈########.§.
.....#####.§§§####≈≈≈≈#≈≈≈≈≈#§§..
....## .&§..§#..#'≈≈≈'≈≈.≈≈'....
...## .§§.§ #...##≈≈#≈≈≈≈≈#≈≈≈§
... §.§§. #....######(#####≈§


You could see Lom Lobon and the friendly Lom Lobon.

Vanquished Creatures
  A deep elf master archer (D)
  A shadow dragon (D)
  4 fire giants (D)
  A lorocyproca (D)
  A deep elf annihilator (D)
  A mummy priest (D)
  2 centaur warriors (D)
  7 unseen horrors (D)
  A deep troll (D)
  A lindwurm (D)
  2 oklob plants (D)
  A gargoyle (D)
  2 kobold demonologists (D)
  4 demonic crawlers (D)
  3 hornets (D)
  A slime creature (D)
  2 redbacks (D)
  Sigmund (D)
  A yak (D)
  13 hogs (D)
  2 floating eyes (D)
  7 necrophages (D)
  An ogre (D)
  8 jellies (D)
  Ijyb (D)
69 creatures vanquished.

Vanquished Creatures (collateral kills)
  the Lernaean hydra (D)
  A golden dragon (D)
  A hydra (D)
  Sonja (D)
  8 shining eyes (D)
  A hellwing (D)
  5 floating eyes (D)
18 creatures vanquished.

Vanquished Creatures (others)
  2 merfolk sirens (D)
  A gargoyle (D)
  2 hornets (D)
  4 ball lightnings (D)
9 creatures vanquished.

Grand Total: 96 creatures vanquished

Notes
Turn   | Place    | Note
-------+----------+-------------------------------------------
     0 | D        | wojtek the Minotaur Berserker began the quest for the Orb.
     0 | D        | Reached XP level 1. HP: 19/19 MP: 0/0
     1 | D        | Noticed Ijyb
    13 | D        | Killed Ijyb
    13 | D        | Reached skill level 5 in Maces & Flails
    13 | D        | Reached XP level 2. HP: 16/28 MP: 1/1
   147 | D        | Noticed an ogre
   151 | D        | Killed an ogre
   151 | D        | Reached skill level 7 in Maces & Flails
   151 | D        | Reached skill level 5 in Armour
   151 | D        | Reached XP level 3. HP: 26/37 MP: 2/2
   151 | D        | Reached XP level 4. HP: 32/44 MP: 3/3
   208 | D        | Killed a gargoyle
   304 | D        | Noticed Sigmund
   310 | D        | Killed Sigmund
   310 | D        | Reached ** piety under Trog
   310 | D        | Reached skill level 10 in Maces & Flails
   310 | D        | Reached XP level 5. HP: 36/52 MP: 4/4
   401 | D        | Found a burning altar of Makhleb.
   401 | D        | Found a viscous altar of Jiyva.
   401 | D        | Found a shimmering altar of Xom.
   401 | D        | Found a corrupted altar of Lugonu.
   401 | D        | Noticed a slime creature
   405 | D        | Killed a slime creature
   405 | D        | Reached skill level 11 in Maces & Flails
   405 | D        | Reached XP level 6. HP: 62/62 MP: 5/5
   446 | D        | Found an ornate altar of the Wu Jian Council.
   446 | D        | Found a deep blue altar of Sif Muna.
   448 | D        | Found a radiant altar of Vehumet.
   636 | D        | Found Zyqasel's Assorted Antiques.
   636 | D        | Found an ancient bone altar of Kikubaaqudgha.
   636 | D        | Found a hazy altar of Hepliaklqana.
   636 | D        | Found a hide-covered altar of Uskayaw.
   636 | D        | Found a basalt altar of Yredelemnul.
   636 | D        | Found an opulent altar of Gozag.
   636 | D        | Found a snail-covered altar of Cheibriados.
   636 | D        | Found a sacrificial altar of Ru.
   636 | D        | Found a shadowy altar of Dithmenos.
   636 | D        | Noticed a yak
   642 | D        | Killed a yak
   642 | D        | Reached skill level 12 in Maces & Flails
   642 | D        | Reached XP level 7. HP: 70/70 MP: 6/6
   643 | D        | Found a stormy altar of Qazlal.
   643 | D        | Found a blossoming altar of Fedhas.
   643 | D        | Found a bloodstained altar of Trog.
   643 | D        | Found an iron altar of Okawaru.
   643 | D        | Found a glowing golden altar of the Shining One.
   643 | D        | Found a glowing silver altar of Zin.
   643 | D        | Found a white marble altar of Elyvilon.
   647 | D        | Found a sparkling altar of Nemelex Xobeh.
   676 | D        | Noticed a kobold demonologist
   677 | D        | Noticed a kobold demonologist
   680 | D        | Reached *** piety under Trog
   685 | D        | Killed a kobold demonologist
   685 | D        | Reached skill level 10 in Fighting
   685 | D        | Reached skill level 13 in Maces & Flails
   687 | D        | Killed a kobold demonologist
   687 | D        | Reached **** piety under Trog
   687 | D        | Reached skill level 10 in Armour
   687 | D        | Reached XP level 8. HP: 80/80 MP: 7/7
   736 | D        | Noticed a centaur warrior
   739 | D        | Noticed a centaur warrior
   765 | D        | Killed a centaur warrior
   765 | D        | Reached skill level 14 in Maces & Flails
   765 | D        | Reached skill level 10 in Dodging
   769 | D        | Killed a centaur warrior
   769 | D        | Reached skill level 15 in Maces & Flails
   769 | D        | Reached XP level 9. HP: 90/90 MP: 8/8
   921 | D        | Noticed a deep troll
   925 | D        | Killed a deep troll
   925 | D        | Reached skill level 16 in Maces & Flails
   938 | D        | Found Raotod's Armour Emporium.
   963 | D        | Noticed an oklob plant
   968 | D        | Killed an oklob plant
  1031 | D        | Reached ***** piety under Trog
  1031 | D        | Reached XP level 10. HP: 80/100 MP: 9/9
  1127 | D        | Reached skill level 17 in Maces & Flails
  1132 | D        | Received a gift from Trog
  1207 | D        | Killed an unseen horror
  1363 | D        | Killed an unseen horror
  1363 | D        | Received a gift from Trog
  1404 | D        | Reached skill level 18 in Maces & Flails
  1444 | D        | Found Eqavaysm's General Store.
  1444 | D        | Found Viytel's Book Shop.
  1444 | D        | Found Nuonaong's Antique Armour Boutique.
  1446 | D        | Found Zeb Risu's Assorted Antiques.
  1446 | D        | Found Kevia's Jewellery Shop.
  1446 | D        | Found Cukimm's Magic Scroll Shoppe.
  1446 | D        | Found Baqoit's Weapon Boutique.
  1446 | D        | Found Qall's Antique Armour Emporium.
  1446 | D        | Found Goidac's Weapon Shop.
  1446 | D        | Found Relerho's Antique Weapon Shoppe.
  1449 | D        | Bought a ration for 60 gold pieces
  1450 | D        | Found Voczysisk's Assorted Antiques.
  1451 | D        | Found Ohaopie's Antique Armour Emporium.
  1451 | D        | Found Xysox's Distillery.
  1452 | D        | Found Menuitin's Armour Emporium.
  1516 | D        | Reached ****** piety under Trog
  1523 | D        | Received a gift from Trog
  1710 | D        | Noticed a lindwurm
  1713 | D        | Killed a lindwurm
  1738 | D        | Reached XP level 11. HP: 91/109 MP: 3/10
  1743 | D        | Reached skill level 19 in Maces & Flails
  1750 | D        | Received a gift from Trog
  1766 | D        | Got a bloodstained dire flail {god gift}
  1767 | D        | Identified the +4 dire flail of Hubris {holy, Str+3} (Trog gifted it to you in the Dungeon)
  1844 | D        | Noticed a 12-headed hydra
  1846 | D        | Killed a 12-headed hydra
  2311 | D        | Noticed Sonja
  2316 | D        | Killed Sonja
  2316 | D        | Received a gift from Trog
  2338 | D        | Found Woom's Jewellery Boutique.
  2402 | D        | Noticed a shining eye
  2402 | D        | Noticed a shining eye
  2402 | D        | Noticed a shining eye
  2409 | D        | Killed a shining eye
  2412 | D        | Reached skill level 15 in Fighting
  2414 | D        | Killed a shining eye
  2414 | D        | Received a gift from Trog
  2417 | D        | Noticed a shining eye
  2417 | D        | Killed a shining eye
  2418 | D        | Killed a shining eye
  2418 | D        | Reached skill level 20 in Maces & Flails
  2420 | D        | Noticed a shining eye
  2421 | D        | Killed a shining eye
  2424 | D        | Noticed a shining eye
  2431 | D        | Killed a shining eye
  2431 | D        | Reached skill level 15 in Armour
  2433 | D        | Noticed a shining eye
  2433 | D        | Noticed a shining eye
  2444 | D        | Paralysed by a floating eye for 3 turns
  2446 | D        | Killed a shining eye
  2449 | D        | Killed a shining eye
  2461 | D        | Found Jieceir's Antique Armour Shoppe.
  2461 | D        | Found Nipleil's Food Boutique.
  2461 | D        | Found Uninoal's General Store.
  2462 | D        | Found Rynwiuhe's Food Shop.
  2465 | D        | Bought a ration for 55 gold pieces
  2465 | D        | Bought a ration for 55 gold pieces
  2476 | D        | Bought a glowing plate armour for 624 gold pieces
  2538 | D        | Bought a glowing cloak for 195 gold pieces
  2543 | D        | Bought a glowing hat for 182 gold pieces
  2543 | D        | Bought an embroidered scarf for 208 gold pieces
  2562 | D        | Bought a pair of embroidered gloves for 165 gold pieces
  2639 | D        | Noticed a shadow dragon
  2643 | D        | Noticed a golden dragon
  2655 | D        | Killed a shadow dragon
  2666 | D        | Killed a golden dragon
  2666 | D        | Reached skill level 21 in Maces & Flails
  2694 | D        | Got a pitted plate armour
  2775 | D        | Found Sishrob's Gadget Shoppe.
  3038 | D        | Bought a potion of flight for 33 gold pieces
  3038 | D        | Bought a potion of flight for 33 gold pieces
  3098 | D        | Noticed a deep elf annihilator
  3106 | D        | Received a gift from Trog
  3106 | D        | Reached XP level 12. HP: 66/122 MP: 11/11
  3388 | D        | Noticed a mummy priest
  3392 | D        | Noticed a jiangshi
  3392 | D        | Noticed a jiangshi
  3397 | D        | Killed a deep elf annihilator
  3397 | D        | Reached skill level 15 in Dodging
  3566 | D        | Killed a mummy priest
  3627 | D        | Bought a phantom mirror for 300 gold pieces
  3674 | D        | Noticed the 27-headed Lernaean hydra
  3675 | D        | Killed the 27-headed Lernaean hydra
  3675 | D        | Reached skill level 22 in Maces & Flails
  3716 | D        | Noticed a deep elf master archer
  3724 | D        | HP: 2/181 [deep elf master archer/arrow (22)]
  3728 | D        | Killed a deep elf master archer
  4119 | D        | Got a bloodstained leather armour
  4134 | D        | Identified the +1 leather armour "Etwenn" {Int+4} (You found it in the Dungeon)
  4144 | D        | Identified the cursed +0 plate armour of the Saviour {rN+ Str+4 Int+4 SInv} (You found it in the Dungeon)
  4481 | D        | Noticed a lorocyproca
  4492 | D        | Killed a lorocyproca
  4492 | D        | Received a gift from Trog
  5125 | D        | Bought a ration for 55 gold pieces
  5125 | D        | Bought a ration for 55 gold pieces
  5125 | D        | Bought a ration for 55 gold pieces
  5125 | D        | Bought a ration for 55 gold pieces
  5125 | D        | Bought a ration for 55 gold pieces
  5133 | D        | Bought a pair of runed gloves for 180 gold pieces
  5156 | D        | Bought a potion of haste for 140 gold pieces
  5220 | D        | Bought a potion of curing for 36 gold pieces
  5222 | D        | Bought a smoky coppery potion for 18 gold pieces
  5222 | D        | Bought a golden potion for 18 gold pieces
  5223 | D        | Bought an uncursed ring of protection from fire for 300 gold pieces
  5230 | D        | Bought a scroll of acquirement for 624 gold pieces
  5232 | D        | Bought a runed large shield for 195 gold pieces
  5235 | D        | Bought a scroll of blinking for 187 gold pieces
  5235 | D        | Bought a black potion for 22 gold pieces
  5235 | D        | Bought a golden potion for 22 gold pieces
  5240 | D        | Bought a scroll of identify for 24 gold pieces
  5244 | D        | Bought a scroll of identify for 24 gold pieces
  5244 | D        | Bought a scroll of identify for 24 gold pieces
  5301 | D        | Bought 2 scrolls of identify for 56 gold pieces
  5301 | D        | Bought a scroll of identify for 28 gold pieces
  5350 | D        | Bought a +4 ring mail of cold resistance for 372 gold pieces
  5351 | D        | Bought a potion of haste for 110 gold pieces
  5351 | D        | Bought a potion of haste for 110 gold pieces
  5351 | D        | Bought 2 potions of flight for 66 gold pieces
  5351 | D        | Bought a potion of might for 44 gold pieces
  5351 | D        | Bought a potion of curing for 33 gold pieces
  5352 | D        | Bought a glowing cloak for 165 gold pieces
  5374 | D        | Bought a scroll of identify for 50 gold pieces
  5374 | D        | Bought a scroll labeled MUOPPYCZI for 25 gold pieces
  5374 | D        | Bought a scroll labeled MUOPPYCZI for 25 gold pieces
  5374 | D        | Bought a scroll labeled GOAPLE CISI for 25 gold pieces
  5374 | D        | Bought a scroll labeled GOAPLE CISI for 25 gold pieces
  5431 | D        | Noticed a daeva
  5443 | D        | Reached skill level 23 in Maces & Flails
  5648 | D        | Noticed a fire giant
  5656 | D        | Noticed a fire giant
  5661 | D        | Noticed a fire giant
  5666 | D        | Killed a fire giant
  5673 | D        | Killed a fire giant
  5673 | D        | Received a gift from Trog
  5673 | D        | Reached XP level 13. HP: 81/131 MP: 12/12
  5679 | D        | Killed a fire giant
  5812 | D        | Noticed a fire giant
  5851 | D        | Killed a fire giant
  6229 | D        | Got a transparent jade ring
  6231 | D        | Identified the ring of Jynoiss {+Fly rC+ MR+} (You acquired it in the Dungeon)
  6248 | D        | Noticed Lom Lobon
  6296 | D        | HP: 6/134 [Lom Lobon/tornado (7)]
  6297 | D        | Killed from afar by Lom Lobon

Skill      XL: |  1  2  3  4  5  6  7  8  9 10 11 12 13 |
---------------+----------------------------------------+-----
Fighting       | 4 6 7 8 9 10 11 12 14 16 17 18 | 18.2
Maces & Flails | 5 7 10 11 12 13 15 16 18 21 23 | 23.9
Armour         | 3 5 7 8 10 11 12 14 15 17 18 | 18.0
Dodging        | 3 4 6 7 8 9 10 11 13 14 16 | 16.8

Action                   |  1- 3 |  4- 6 |  7- 9 | 10-12 | 13-15 || total
-------------------------+-------+-------+-------+-------+-------++-------
Melee: Mace              |    14 |    22 |    49 |    10 |       ||    95
       Headbutt          |     2 |     6 |    12 |    46 |     3 ||    69
       Great mace        |       |       |       |    74 |       ||    74
       Dire flail        |       |       |       |    99 |     9 ||   108
Invok: Berserk           |     1 |     1 |     4 |     3 |       ||     9
       Brothers in Arms  |       |       |       |    11 |     4 ||    15
Evoke: Phantom mirror    |       |       |       |     1 |     1 ||     2
  Use: Potion            |       |       |       |     4 |     5 ||     9
       Scroll            |       |       |       |     6 |     3 ||     9
  Eat: Chunk             |       |       |     6 |     4 |       ||    10
       Ration            |       |       |       |     5 |     1 ||     6
Armor: Animal skin       |     3 |       |       |       |       ||     3
       Chain mail        |       |     1 |     7 |    82 |       ||    90
       Plate armour      |       |       |       |    44 |     1 ||    45
       Ring mail         |       |       |       |       |     1 ||     1
Dodge: Dodged            |     5 |    12 |    29 |   104 |       ||   150
